 Dungeon Crawl Stone Soup version 0.28.0-53-g5a82cb258f (webtiles) character file.

Game seed: 16370299163298661287

792 Zeld the Digger (level 7, 0/36 HPs)
             Began as a Gargoyle Earth Elementalist on June 2, 2022.
             Slain by a vampire (3 damage)
             ... on level 5 of the Dungeon.
             The game lasted 00:06:55 (5873 turns).

Zeld the Digger (Gargoyle Earth Elementalist)       Turns: 5873, Time: 00:06:56

Health: 0/36       AC:  8    Str: 12    XL:     7   Next: 88%
Magic:  14/24      EV: 11    Int: 17    God:
Gold:   104        SH:  0    Dex: 10    Spells: 7/17 levels left

rFire   . . .      SeeInvis .   (no weapon)
rCold   . . .      Faith    .   (no shield)
rNeg    + . .      Spirit   .   b - +0 robe
rPois   ∞          Reflect  .   g - +0 helmet
rElec   +          Harm     .   (no cloak)
rCorr   .          Rampage  .   (no gloves)
Will    .....                   s - +0 pair of boots
Stlth   ++........              (no amulet)
HPRegen 0.12/turn               f - ring of magical power
MPRegen 0.19/turn               (no ring)

@: no status effects
A: sickness immunity, AC +4, negative energy resistance 1, electricity
resistance, torment resistance 1, petrification resistance
a: no special abilities


You were on level 5 of the Dungeon.
You visited 1 branch of the dungeon, and saw 6 of its levels.

You collected 155 gold pieces.
You spent 51 gold pieces at shops.

Inventory:

Missiles
 c - 35 stones
 i - 40 bolts
 n - 44 arrows
Armour
 b - a +0 robe (worn)
 g - a +0 helmet (worn)
 s - a +0 pair of boots (worn)
Jewellery
 f - a ring of magical power (left hand)
 v - a +6 ring of strength
Wands
 r - a wand of flame (19)
 w - a wand of iceblast (4)
Scrolls
 a - a scroll of amnesia {unknown}
 e - a scroll of summoning {unknown}
 h - a scroll of vulnerability {unknown}
 j - a scroll of fog {unknown}
 k - a scroll of fear {unknown}
 m - 2 scrolls of teleportation {unknown}
 p - 4 scrolls of identify {unknown}
Potions
 d - a potion of cancellation {unknown}
 o - a potion of heal wounds {unknown}
 q - a potion of might {unknown}
 t - a potion of haste {unknown}
 u - a potion of flight {unknown}


   Skills:
 - Level 1.5 Dodging
 - Level 2.1 Stealth
 * Level 5.5 Spellcasting
 + Level 0.9 Conjurations
 - Level 2.0 Transmutations
 * Level 7.7 Earth Magic


You had 7 spell levels left.
You knew the following spells:

 Your Spells              Type           Power      Damage    Failure   Level
a - Sandblast             Erth           62%        2d14      1%          1
b - Passwall              Tmut/Erth      17%        N/A       2%          2
c - Stone Arrow           Conj/Erth      38%        3d9       7%          3
d - Petrify               Tmut/Erth      21%        N/A       19%         4

Your spell library contained the following spells:

 Spells                   Type           Power      Damage    Failure   Level
 Beastly Appendage        Tmut           22%        N/A       6%          1
 Wereblood                Tmut           11%        N/A       9%          2
 Animate Skeleton         Necr           8%         N/A       14%         1
 Pain                     Necr           16%        1d4       14%         1
 Spider Form              Tmut/Pois      8%         N/A       26%         3
 Ozocubu's Armour         Ice            4%         N/A       38%         3
 Vampiric Draining        Necr           4%         2d6       38%         3
 Metabolic Englaciation   Hex/Ice        2%         N/A       98%         5
 Simulacrum               Ice/Necr       2%         N/A       100%        6


Dungeon Overview and Level Annotations

Branches:
Dungeon (6/15)
 Temple: D:4-7

Altars:
Okawaru
Sif Muna
Trog

Shops:
D:3 (:((*


Innate Abilities, Weirdness & Mutations

You are immune to sickness and miasma.
Your stone body is resilient. (AC +4)
You are immune to poison.
You resist negative energy. (rN+)
You are resistant to electric shocks. (rElec)
You are resistant to unholy torment.
You are immune to petrification.


Message History

The vampire bites you but does no damage.
Unknown command.
Casting: Petrify (quite dangerous; 19% risk of failure)
Confirm with . or Enter, or press ? or * to list all spells.
The spell is quite dangerous to miscast (19% risk of failure)!
Continue anyway?
Aiming: Petrify (quite dangerous; 19% risk of failure)
Press: ? - help, Shift-Dir - straight line, f/p - vampire
Aim: a vampire (chance to affect: 36%)
You miscast Petrify.
You are very lightly contaminated with residual magic.
Nothing appears to happen.
The vampire hits you.
The vampire bites you but does no damage.
Casting: Petrify (quite dangerous; 19% risk of failure)
Confirm with . or Enter, or press ? or * to list all spells.
The spell is quite dangerous to miscast (19% risk of failure)!
Continue anyway?
Aiming: Petrify (quite dangerous; 19% risk of failure)
Press: ? - help, Shift-Dir - straight line, f/p - vampire
Aim: a vampire (chance to affect: 36%)
The vampire easily resists.
The vampire points at you and mumbles some strange words.
You are confused.
Unknown command.
You're too confused to cast spells.
A vampire is nearby!
The vampire gestures at you while chanting.
You resist with significant effort.
You barely miss the vampire.
The vampire casts a spell.
The vampire flickers and vanishes!
Deactivating autopickup; reactivate with Ctrl-A.
You barely miss something.
You feel less confused. Something hits you. Something bites you.
Your magical contamination has completely faded away.
Items here: )) [[.
Something hits you but does no damage. Something bites you but does no damage.
Something hits you!
* * * LOW HITPOINT WARNING * * *
Something bites you.
You die...

##...........................#
#............................#
##...........<................#
#.............................#
#....................###......#
##............#......# #####.##
####............#.....## ###
......................#
................@....###
......##############...##
##.....### #....# ###.....#
#.#### ####.## #.# ### ###


There were no monsters in sight!

Vanquished Creatures
  A water moccasin (D:5)
  Blork the orc (D:4)
  A scorpion (D:5)
  A water moccasin zombie (D:3)
  5 hounds
  3 iguanas (D:4)
  2 orc priests (D:5)
  2 orc wizards (D:5)
  A hound skeleton (D:4)
  A howler monkey zombie (D:4)
  3 gnolls (D:5)
  An adder (D:4)
  A worm (D:4)
  2 dart slugs
  6 orcs
  4 bats
  5 endoplasms
  3 giant cockroaches
  10 goblins
  8 hobgoblins
  7 jackals
  4 quokkas
  8 ball pythons
  3 frilled lizards
  12 kobolds
  6 rats
101 creatures vanquished.

Notes
Turn   | Place    | Note
-------+----------+-------------------------------------------
     0 | D:1      | Zeld the Gargoyle Earth Elementalist began the quest for
                  | the Orb.
     0 | D:1      | Reached XP level 1. HP: 10/10 MP: 3/3
   375 | D:1      | Reached skill level 1 in Transmutations
   375 | D:1      | Reached XP level 2. HP: 15/15 MP: 1/5
   379 | D:1      | Learned a level 2 spell: Passwall
   400 | D:1      | Reached skill level 4 in Earth Magic
   595 | D:1      | You fall into a shaft and drop 1 floor!
   893 | D:2      | Reached XP level 3. HP: 19/19 MP: 6/6
   897 | D:2      | Learned a level 3 spell: Stone Arrow
  1000 | D:1      | Found a faded altar of an unknown god.
  2066 | D:3      | Found Kuhuad's General Store.
  2074 | D:3      | Bought 17 stones for 20 gold pieces
  2108 | D:3      | Found Naevux's Antique Weapon Shoppe.
  2135 | D:3      | Reached XP level 4. HP: 24/24 MP: 8/8
  2195 | D:3      | Found Cumiheg's Weapon Shoppe.
  2222 | D:3      | Found Woapnedi's Weapon Shoppe.
  2406 | D:3      | Found a shimmering blue altar of Sif Muna.
  2588 | D:3      | Found Tuesyit's Book Boutique.
  2681 | D:3      | Reached skill level 5 in Earth Magic
  2681 | D:3      | Reached XP level 5. HP: 18/28 MP: 9/9
  2843 | D:3      | Learned a level 4 spell: Petrify
  3074 | D:3      | Bought 26 stones for 31 gold pieces
  3300 | D:4      | Reached XP level 6. HP: 32/32 MP: 11/11
  3504 | D:4      | Reached skill level 6 in Earth Magic
  3718 | D:4      | Noticed Blork the orc
  4014 | D:4      | Killed Blork the orc
  4127 | D:4      | Found a bloodstained altar of Trog.
  4251 | D:5      | Entered Level 5 of the Dungeon
  4377 | D:5      | Reached XP level 7. HP: 36/36 MP: 14/14
  4387 | D:5      | Reached skill level 5 in Spellcasting
  4387 | D:5      | Reached skill level 7 in Earth Magic
  5270 | D:5      | Noticed a vampire
  5288 | D:5      | Found an iron altar of Okawaru.
  5873 | D:5      | Slain by a vampire

Illustrated notes

Levels and vault maps discovered:
D:1:      dpeg_arrival_oval, layout_basic, ebering_ecumenical_altar_petrified
D:2:      layout_rooms, grunt_ministairs_3
D:3:      minmay_general_purpose_star, layout_basic,
          nicolae_sif_muna_little_library, serial_shops,
          nicolae_shop_bloodbath_and_beyond, nicolae_shop_hallway_stairs,
          nicolae_shop_advertising_works [nicolae_subvault_shop_adworks],
          nicolae_shop_overgrown_old_shop, shop, nicolae_figureground_pulse
D:4:      layout_loops_ring, lemuel_coloured_pillars_altar, uniq_blork_the_orc
D:5:      layout_cave_pods, mainiacjoe_overflow_two_lobes
D:6:      layout_cave_pods, eat_drink_and_be_merry_uskayaw,
          minmay_temple_entry_junction, hangedman_abyss_or_decor_stabs

Skill      XL: |  1  2  3  4  5  6  7 |
---------------+----------------------+-----
Transmutations | 1 2 |  2.0
Earth Magic    | 4 5 6 7 |  7.7
Spellcasting   | 3 4 5 |  5.5
Dodging        | |  1.5
Stealth        | |  2.1
Conjurations   | |  0.9

Action                   |  1- 3 |  4- 6 |  7- 9 || total
-------------------------+-------+-------+-------++-------
Melee: Unarmed           |    45 |     8 |     5 ||    58
 Cast: Sandblast         |    58 |    62 |    36 ||   156
       Stone Arrow       |       |       |    12 ||    12
       Petrify           |       |       |     3 ||     3
  Use: Potion            |       |       |     2 ||     2
 Stab: Sleeping          |       |     1 |       ||     1
Armor: Robe              |    21 |    16 |    18 ||    55
Dodge: Dodged            |    45 |    22 |    19 ||    86
